 Dungeon Crawl Stone Soup version 0.29-a0-251-g80730f7218 (webtiles) character file.

Game seed: 8384181911823778292

100 spaghetti the Ducker (level 4, 0/26 (31) HPs)
             Began as an Octopode Chaos Knight on Mar 5, 2022.
             Was a Plaything of Xom.
             Frozen to death by an endoplasm (4 damage)
             ... on level 3 of the Dungeon.
             The game lasted 00:02:23 (2094 turns).

spaghetti the Ducker (Octopode Chaos Knight)        Turns: 2094, Time: 00:02:23

HP:   0/26 (31)     AC:  1    Str: 12 (13) XL:     4   Next: 73%
MP:   4/4           EV: 14    Int: 13 (14) God:    Xom [*.....]
Gold: 185           SH:  0    Dex: 12 (13) Spells: 3/3 levels left

rFire   . . .      SeeInvis .   j - +2 quarterstaff (chaos) {staff}
rCold   . . .      Faith    .   (shield currently unavailable)
rNeg    . . .      Spirit   .   (helmet restricted)
rPois   .          Reflect  .   (no amulet)
rElec   .          Harm     .   f - +4 ring of slaying
rCorr   .          Rampage  .   (no ring)
Will    .....      Clarity  +   (no ring)
Stlth   ++........              (no ring)
HPRegen 0.08/turn               (no ring)
MPRegen 0.09/turn               (no ring)
                                (no ring)
                                (no ring)

@: lethally poisoned (0 -> -9), heavily drained, unable to read
A: almost no armour, amphibious, 8 rings, camouflage 1, gelatinous body 1,
(nimble swimmer 1), tentacles, clarity, deterioration 2, strong 1, inability to
read while threatened
a: Renounce Religion


You were on level 3 of the Dungeon.
You worshipped Xom.
You were a special plaything of Xom.
You visited 1 branch of the dungeon, and saw 3 of its levels.

You collected 185 gold pieces.


Innate Abilities, Weirdness & Mutations

You cannot wear most types of armour.
You are amphibious.
You can wear up to eight rings at the same time.
Your skin changes colour to match your surroundings (Stealth+).
Your rubbery body absorbs attacks. (AC +1, EV +1)
((You are camouflaged when in or above water. (Stealth+)))
You have tentacles for arms and can constrict up to eight enemies at once.
You possess an exceptional clarity of mind.
Your body often deteriorates upon taking damage.
Your muscles are strong. (Str +2)
You sometimes lose the ability to read scrolls when taking damage.


   Skills:
 - Level 3.0 Fighting
 - Level 3.0 Long Blades
 + Level 5.0 Dodging


You had 3 spell levels left.
You didn't know any spells.
Your spell library was empty.

Inventory:

Hand Weapons
 a - a +0 falchion of chaos {long}
 j - a +2 quarterstaff of chaos (weapon) {staff}
   (You took it off Crazy Yiuf on level 2 of the Dungeon)
Missiles
 d - 2 poisoned darts (quivered) {throwing}
 e - 10 stones {throwing}
Jewellery
 f - a +4 ring of slaying (left tentacle)
   (You found it on level 2 of the Dungeon)
Wands
 h - a wand of polymorph (9)
   (You found it on level 2 of the Dungeon)
Scrolls
 b - a scroll of enchant weapon {unknown}
 c - a scroll of immolation {!r!r}
 i - a scroll of blinking {!r}
Potions
 g - a potion of lignification {!q}

Dungeon Overview and Level Annotations

Branches:
Dungeon (3/15)

Altars:

Annotations:
D:3 Ijyb

##########
........ .
#...... ..
#.#...###...
#........<..
#...@..##..#
#..bJg.!g..#
#.##....##.#
# #........
#........
#g#......
.........
...#.#...
##. .....


You could see Ijyb, an endoplasm, a hobgoblin, a goblin and a bat.


Message History

Unknown command.
Unknown command.
Unknown command.
You hit Crazy Yiuf.
Crazy Yiuf is poisoned.
You constrict Crazy Yiuf, but do no damage.
Crazy Yiuf closely misses you.
Crazy Yiuf hits you with a +2 quarterstaff of chaos!
* * * LOW HITPOINT WARNING * * *
You feel your power leaking away.
Your limbs are stiffening. 😱 HP[-8] MP[-4]
You take 8 damage, and now have 3/31 hp.
MASSIVE DAMAGE!! (PAUSE)
You lost 4 mp, and now have 0/4 mp.
Unknown command.
You hit Crazy Yiuf but do no damage.
Crazy Yiuf looks as sick as possible!
You constrict Crazy Yiuf, but do no damage.
You kill Crazy Yiuf!
You have turned to stone.
You feel your dexterity returning.
Your Dodging skill increases to level 5!
You turn to flesh and can move again. 😱 HP[+1]
You can read scrolls again.
g - a potion of lignification {!q}
There is an open translucent door here.
Things that are here:
a +2 quarterstaff of chaos {staff}; a +1 cloak of stealth
j - a +2 quarterstaff of chaos {staff} 😱 MP[+1]
Your +2 quarterstaff of chaos {staff} is briefly surrounded by a scintillating aura of random colours.
j - a +2 quarterstaff of chaos (weapon)
{staff} 😱 HP[+1]
You start resting. 😨 HP[+3] MP[+3]
You regained 3 hp, and now have 8/31 hp.
Your mp is fully restored (4).
You start resting. "Suffer!"
You feel drained. 😎 HP[+18]
You now have 26 max hp (-5).
Your hp is fully restored (26).
Unknown command.
Done exploring.
Done exploring.
Done exploring.
(D) Dungeon
Where to? (Enter - D:2, ? - help)
There is an open translucent door here.
You see here a +1 cloak of stealth.
There is a stone staircase leading down here.
You climb downwards.
Found a golden potion.
Found an escape hatch in the ceiling.
There is a stone staircase leading up here.
There are monsters nearby!
Unknown command.
Unknown command.
There are monsters nearby!
A bat comes into view.
Ijyb shouts!
The endoplasm quivers.
You hear a shout! x2
Ijyb zaps a wand.
The puff of flame hits you! 😮 HP[-7]
You take 7 damage, and now have 19/26 hp.
MASSIVE DAMAGE!! (PAUSE)
You hit Ijyb. Your grab misses Ijyb. You squeeze Ijyb, but do no damage.
The bat barely misses you.
Ijyb hits you with a +3 dagger of venom.
Your body deteriorates!
You feel dopey.
A hobgoblin comes into view. 😮 HP[-3]
You take 3 damage, and now have 16/26 hp.
You sock Ijyb! You grab Ijyb. You constrict Ijyb, but do no damage.
The bat hits you but does no damage. The endoplasm misses you.
Ijyb screams, "Level is mine!
All mine!"
Ijyb hits you with a +3 dagger of venom.
You feel threatened and lose the ability to read scrolls!
* * * LOW HITPOINT WARNING * * *
You are lethally poisoned!
A goblin comes into view. It is wielding a +0 dagger. 😨 HP[-6]
You take 6 damage, and now have 10/26 hp.
MASSIVE DAMAGE!! (PAUSE)
You release your grip on Ijyb.
* * * LOW HITPOINT WARNING * * *
Your body deteriorates!
You feel weakened.
You feel very sick. The bat hits you but does no damage.
Ijyb screams, "Me very upset!" 😱 HP[-4]
You take 4 damage, and now have 6/26 hp.
You can read scrolls again.
* * * LOW HITPOINT WARNING * * *
You feel sick. The endoplasm freezes you.
You are frozen.
You feel threatened and lose the ability to read scrolls!
You die...

Skill      XL: |  1  2  3  4 |
---------------+-------------+-----
Dodging        | 3 4 5 |  5.0
Fighting       | |  3.0
Long Blades    | |  3.0

Action                   |  1- 3 |  4- 6 || total
-------------------------+-------+-------++-------
Melee: Falchion          |    62 |     7 ||    69
       Tentacles         |    12 |     3 ||    15
       Constrict         |    17 |     3 ||    20
       Quarterstaff      |       |     2 ||     2
  Use: Scroll            |     3 |     2 ||     5
       Potion            |       |     1 ||     1
 Stab: Sleeping          |     3 |       ||     3
Armor: Skin              |     3 |     2 ||     5
Dodge: Dodged            |    43 |     5 ||    48

Levels and vault maps discovered:
D:1:      scummos_arrival_gate, layout_basic, hellmonk_ecumenical_altar_blasted
D:2:      layout_rooms, uniq_crazy_yiuf_cottage
D:3:      corexii_shack_village, layout_loops_ring, uniq_robin, uniq_ijyb

Notes
Turn   | Place    | Note
-------+----------+-------------------------------------------
     0 | D:1      | spaghetti the Octopode Chaos Knight began the quest for the
                  | Orb.
     0 | D:1      | Reached XP level 1. HP: 16/16 MP: 1/1
     0 | D:1      | magus.rc [v1.9.6]
     3 | D:1      | XOM: silly message
   235 | D:1      | Found a faded altar of an unknown god.
   248 | D:1      | Reached skill level 3 in Dodging
   248 | D:1      | Reached XP level 2. HP: 21/21 MP: 2/2
   409 | D:1      | XOM: god gift: 45 gold pieces
   416 | D:1      | XOM: 2-stop teleportation journey
   784 | D:1      | Reached XP level 3. HP: 20/26 MP: 3/3
  1160 | D:2      | Reached skill level 4 in Dodging
  1278 | D:2      | Reached XP level 4. HP: 15/31 MP: 4/4
  1560 | D:2      | XOM: give mutations
  1560 | D:2      | Gained mutation: You sometimes lose the ability to read
                  | scrolls when taking damage. [Xom's mischief]
  1560 | D:2      | Gained mutation: Your body sometimes deteriorates upon
                  | taking damage. [Xom's mischief]
  1560 | D:2      | Gained mutation: You possess an exceptional clarity of
                  | mind. [Xom's mischief]
  1618 | D:2      | XOM: give mutations
  1618 | D:2      | Gained mutation: You are weak. (Str -2) [Xom's mischief]
  1618 | D:2      | Lost mutation: You are weak. (Str -2) [Xom's mischief]
  1618 | D:2      | Gained mutation: Your body often deteriorates upon taking
                  | damage. [Xom's mischief]
  1618 | D:2      | Gained mutation: Your muscles are strong. (Str +2) [Xom's
                  | mischief]
  1657 | D:2      | Found a runed translucent door.
  1658 | D:2      | Noticed Crazy Yiuf
  1812 | D:2      | HP: 3/31 [Crazy Yiuf/+2 quarterstaff of chaos (8)]
  1813 | D:2      | Killed Crazy Yiuf
  1814 | D:2      | Reached skill level 5 in Dodging
  2036 | D:2      | XOM: draining
  2088 | D:3      | Noticed Ijyb
  2093 | D:3      | HP: 6/26 [poisoned by Ijyb]
  2094 | D:3      | Frozen to death by an endoplasm

Vanquished Creatures
  Crazy Yiuf (D:2)
  2 adders (D:2)
  A worm (D:2)
  5 dart slugs
  2 endoplasms
  A giant cockroach (D:2)
  3 goblins
  6 hobgoblins
  6 jackals
  3 kobolds
  A quokka (D:1)
  4 ball pythons
  A bat (D:2)
  A frilled lizard (D:1)
  3 rats
40 creatures vanquished.

Table legend:
 A = Non-vault XP
 B = Vault XP
 C = Vault XP percentage of total XP
 D = Non-vault monster count
 E = Vault monster count
 F = Vault count percentage of total count
                 A         B        C        D         E       F
            +---------+---------+-------+---------+---------+-------
      Total |     103 |      40 |  28.0 |      39 |       1 |   2.5
            +---------+---------+-------+---------+---------+-------
        D:1 |      38 |       0 |   0.0 |      19 |       0 |   0.0
        D:2 |      65 |      40 |  38.1 |      20 |       1 |   4.8
            +---------+---------+-------+---------+---------+-------

Illustrated notes

Table legend:
 A = Kills in this place as a percentage of kills in entire the game.
 B = Kills by you in this place as a percentage of kills by you in the entire game.
 C = Kills by friends in this place as a percentage of kills by friends in the entire game.
 D = Other kills in this place as a percentage of other kills in the entire game.
 E = Experience gained in this place as a percentage of experience gained in the entire game.
 F = Experience gained in this place divided by the number of levels of this place that you have seen.
                   A       B       C       D       E      F
               +-------+-------+-------+-------+-------+----------------------
         Total | 100.0 | 100.0 |   N/A |   N/A | 100.0 |  47.7
       Dungeon | 100.0 | 100.0 |   N/A |   N/A | 100.0 |  47.7
               +-------+-------+-------+-------+-------+----------------------

Table legend: (Time is in decaauts)
 A = Elapsed time spent in this place.
 B = Non-inter-level travel time spent in this place.
 C = Inter-level travel time spent in this place.
 D = Time resting spent in this place.
 E = Time spent auto-exploring this place.
 F = Levels seen in this place.
 G = Mean time per level.
                   A        B        C        D        E       F      G
               +--------+--------+--------+--------+--------+-----+--------+
         Total |   2104 |   2036 |     68 |    801 |    980 |   3 |  701.3 |
       Dungeon |   2104 |   2036 |     68 |    801 |    980 |   3 |  701.3 |
               +--------+--------+--------+--------+--------+-----+--------+

Top non-repeatable levels by time:
     D:2: 1058 daAuts
     D:1: 1039 daAuts
     D:3: 6 daAuts
